 Dungeon Crawl Stone Soup version 0.28.0-47-ge53b351184 (webtiles) character file.

Game seed: 6112775102958364611

138 bobregger the Skirmisher (level 5, -8/88 HPs)
             Began as an Ogre Berserker on Apr 29, 2022.
             Was a Believer of Trog.
             Mangled by a gnoll
             ... wielding a +0 halberd
              (11 damage)
             ... on level 3 of the Dungeon.
             The game lasted 00:03:11 (2292 turns).

bobregger the Skirmisher (Ogre Berserker)           Turns: 2292, Time: 00:03:11

Health: -8/88      AC:  3    Str: 21    XL:     5   Next: 21%
Magic:  5/5        EV: 10    Int:  8    God:    Trog [**....]
Gold:   74         SH:  0    Dex: 10    Spells: 4/4 levels left

rFire   . . .      SeeInvis +   a - +0 mace
rCold   . . .      Faith    .   (no shield)
rNeg    . . .      Spirit   .   b - +0 animal skin
rPois   .          Reflect  .   (helmet restricted)
rElec   .          Harm     .   (no cloak)
rCorr   .          Rampage  .   (gloves unavailable)
Will    .....                   (boots unavailable)
Stlth   ..........              (no amulet)
HPRegen 0.24/turn               j - +4 ring of slaying
MPRegen 0.09/turn               d - ring of see invisible

@: berserking (expiring), very quick
A: large, unfitting armour, tough skin 1
a: Renounce Religion, Berserk, Trog's Hand


You were on level 3 of the Dungeon.
You worshipped Trog.
Trog was pleased with you.
You visited 1 branch of the dungeon, and saw 3 of its levels.

You collected 74 gold pieces.

Inventory:

Hand Weapons
 a - a +0 mace (weapon)
Armour
 b - a +0 animal skin (worn)
Jewellery
 d - a ring of see invisible (right hand)
 j - a +4 ring of slaying (left hand)
 k - a ring of protection from fire
Scrolls
 c - 2 scrolls of fear {unknown}
 f - a scroll of brand weapon {unknown}
 g - 3 scrolls of identify {unknown}
 h - 2 scrolls of enchant weapon {unknown}
 m - a scroll of teleportation {unknown}
Potions
 e - 3 potions of attraction {unknown}
 i - a potion of invisibility {unknown}
 l - a potion of haste {unknown}


   Skills:
 * Level 5.7 Fighting
 + Level 3.3 Maces & Flails
 * Level 3.9 Dodging


You had 4 spell levels left.
You didn't know any spells.
Your spell library was empty.

Dungeon Overview and Level Annotations

Branches:
Dungeon (3/15)

Altars:

Shops:
D:1 [


Innate Abilities, Weirdness & Mutations

You are too large for most types of armour.
You have tough skin. (AC +1)


Message History

The gnoll shaman hits you with a +0 club!
You closely miss the gnoll shaman.
The gnoll shaman is almost dead.
The gnoll shaman calls upon its god to speed up the gnoll.
The gnoll seems to speed up.
You closely miss the gnoll shaman.
The gnoll shaman is almost dead.
The gnoll shaman hits you with a +0 club.
* * * LOW HITPOINT WARNING * * *
You sock the gnoll shaman!
You kill the gnoll shaman!
Trog accepts your kill.
You have reached level 5!
You sock the gnoll!
The gnoll is severely wounded.
The gnoll hits you with a +0 flail!
* * * LOW HITPOINT WARNING * * *
A gnoll comes into view. It is wielding a +0 halberd.
You sock the gnoll!
You kill the gnoll!
Trog accepts your kill.
You barely miss the gnoll. The gnoll closely misses you.
The gnoll hits you with a +0 flail!
* * * LOW HITPOINT WARNING * * *
You sock the gnoll!
The gnoll is severely wounded.
The gnoll barely misses you.
You barely miss the gnoll.
The gnoll is severely wounded.
The gnoll closely misses you.
The gnoll hits you from afar with a +0 halberd.
* * * LOW HITPOINT WARNING * * *
You hit the gnoll.
The gnoll is almost dead.
The gnoll barely misses you.
You sock the gnoll!
You kill the gnoll!
Trog accepts your kill.
The gnoll hits you from afar with a +0 halberd!
You die...

# ###########
..........#
..#######.#
.......##.#
..####.##.# .##
#.##.# ..####.##.#
########
#....#.##.###...@).#
..##..........####g#
.......#...#### #
.###........... .#
#..##...####
.............
####.########. #.# #
#.#


You could see a gnoll.

Vanquished Creatures
  A gnoll shaman (D:3)
  3 adders
  3 gnolls (D:3)
  3 dart slugs (D:1)
  5 endoplasms
  3 giant cockroaches
  4 goblins
  2 hobgoblins (D:2)
  11 jackals
  4 quokkas
  6 ball pythons
  4 bats (D:1)
  A kobold (D:1)
  5 rats
55 creatures vanquished.

Notes
Turn   | Place    | Note
-------+----------+-------------------------------------------
     0 | D:1      | bobregger the Ogre Berserker began the quest for the Orb.
     0 | D:1      | Reached XP level 1. HP: 24/24 MP: 1/1
   191 | D:1      | Reached XP level 2. HP: 32/32 MP: 2/2
   588 | D:1      | Reached XP level 3. HP: 37/40 MP: 3/3
   919 | D:1      | Found Gazxipliva's Antique Armour Emporium.
  1077 | D:2      | Reached ** piety under Trog
  1573 | D:2      | Reached skill level 5 in Fighting
  1607 | D:2      | Reached XP level 4. HP: 27/50 MP: 4/4
  1956 | D:2      | Found a faded altar of an unknown god.
  2286 | D:3      | Reached XP level 5. HP: 25/58 MP: 5/5
  2288 | D:3      | HP: 4/88 [gnoll/+0 flail (13)]
  2292 | D:3      | Mangled by a gnoll

Illustrated notes

Levels and vault maps discovered:
D:1:      wheals_arrival_linesprint, layout_rooms, serial_shops,
          nicolae_shop_window_shopping
D:2:      layout_basic, ebering_ecumenical_altar_sacrificial, corner_web_ring
D:3:      layout_loops_ring, hex_medium

Skill      XL: |  1  2  3 |
---------------+----------+-----
Dodging        | 3 |  3.9
Maces & Flails | 3 |  3.3
Fighting       | 5 |  5.7

Action                   |  1- 3 |  4- 6 || total
-------------------------+-------+-------++-------
Melee: Mace              |    96 |    32 ||   128
Invok: Berserk           |       |     1 ||     1
Armor: Animal skin       |    41 |    11 ||    52
Dodge: Dodged            |    84 |    34 ||   118
